 Dungeon Crawl Stone Soup version 0.29.0-11-gd7f09526c8 (webtiles) character file.

Game seed: 9489633993228426651

5987 Flugkiller the Cleaver (level 10, -2/90 HPs)
             Began as a Minotaur Fighter on Sept 4, 2022.
             Was an Elder of Cheibriados.
             Slain by an orange demon (10 damage)
             ... led by Amaemon
             ... on level 9 of the Dungeon.
             The game lasted 00:03:58 (5157 turns).

Flugkiller the Cleaver (Minotaur Fighter)           Turns: 5157, Time: 00:03:59

Health: -2/90      AC: 23    Str: 31    XL:     10   Next: 55%
Magic:  5/13       EV: 10    Int: 14    God:    Cheibriados [****..]
Gold:   389        SH:  6    Dex: 22    Spells: 9/9 levels left

rFire   . . .      SeeInvis +   a - +1 war axe (vorpal)
rCold   . . .      Faith    .   c - +0 buckler
rNeg    . . .      Spirit   .   f - +0 plate armour
rPois   .          Reflect  .   (helmet restricted)
rElec   .          Harm     .   B - +0 cloak
rCorr   .          Rampage  .   u - +1 pair of gloves
Will    .....                   m - +0 pair of boots
Stlth   ..........              g - amulet of regeneration
HPRegen 1.05/turn               p - +4 ring of protection
MPRegen 0.13/turn               i - ring of see invisible

@: lethally poisoned (-2 -> -18), slowed, very slow
A: horns 2, retaliatory headbutt
a: Renounce Religion, Bend Time, Temporal Distortion, Slouch


You were on level 9 of the Dungeon.
You worshipped Cheibriados.
Cheibriados was greatly pleased with you.
You visited 1 branch of the dungeon, and saw 9 of its levels.

You collected 389 gold pieces.

Inventory:

Hand Weapons
 a - a +1 vorpal war axe (weapon)
Missiles
 j - a boomerang (quivered)
Armour
 c - a +0 buckler (worn)
 f - a +0 plate armour (worn)
   (You found it on level 3 of the Dungeon)
 m - a +0 pair of boots (worn)
   (You found it on level 2 of the Dungeon)
 u - a +1 pair of gloves (worn)
   (You found it on level 3 of the Dungeon)
 B - a +0 cloak (worn)
   (You took it off Crazy Yiuf on level 5 of the Dungeon)
Jewellery
 g - an amulet of regeneration (around neck)
   (You found it on level 1 of the Dungeon)
 i - a ring of see invisible (right hand)
   (You found it on level 9 of the Dungeon)
 k - a ring of resist corrosion
   (You found it on level 4 of the Dungeon)
 p - a +4 ring of protection (left hand)
   (You found it on level 1 of the Dungeon)
Scrolls
 t - 6 scrolls of teleportation
 x - 3 scrolls of fog
Potions
 b - 2 potions of flight
 d - 3 potions of might
 e - 2 potions of cancellation {unknown}
 h - 2 potions of mutation
 l - a potion of heal wounds {unknown}
 o - a potion of haste {unknown}
 s - a potion of lignification
 w - a potion of brilliance {unknown}
 z - a potion of degeneration {unknown}


   Skills:
 + Level 8.5 Fighting
 * Level 11.1 Axes
 + Level 8.5 Armour
 + Level 3.7 Dodging
 - Level 3.6 Shields
 + Level 5.6 Invocations
 - Level 6.0 Evocations


You had 9 spell levels left.
You didn't know any spells.
Your spell library was empty.

Dungeon Overview and Level Annotations

Branches:
Dungeon (9/15)             Temple (0/1) D:5
   Lair: D:8-11         Orc: D:9-12

Altars:
Ashenzari
Cheibriados
Hepliaklqana
Ru
Wu Jian
Xom
The Shining One

Shops:
D:6 [

Annotations:
D:9 2 runed translucent doors


Innate Abilities, Weirdness & Mutations

You have a pair of horns on your head.
You reflexively headbutt those who attack you in melee.


Message History

Amaemon closely misses you. Amaemon claws you but does no damage.
Amaemon tail-slaps you but does no damage.
The scorpion stings you.
The scorpion stings you but does no damage.
You closely miss Amaemon. Your headbutt misses Amaemon.
Amaemon is moderately wounded.
You hit the scorpion but do no damage. You completely miss the scorpion.
You slash the scorpion!
The scorpion stings you but does no damage.
The scorpion completely misses you.
The scorpion stings you but does no damage.
Amaemon gestures wildly while chanting.
You hit the scorpion.
You headbutt the scorpion, but do no damage.
The scorpion is severely wounded.
You completely miss the scorpion. You hit Amaemon. You slash the scorpion!
The scorpion stings you but does no damage.
The scorpion barely misses you. You furiously retaliate!
You headbutt the scorpion! The scorpion closely misses you.
You furiously retaliate!
You headbutt the scorpion!
You kill the scorpion!
The scorpion's corpse disappears in a puff of smoke!
The orange demon stings you from afar. You block Amaemon's attack.
Amaemon claws you but does no damage.
Amaemon tail-slaps you but does no damage.
You hit the scorpion.
You kill the scorpion!
The scorpion's corpse disappears in a puff of smoke!
You hit the scorpion. You hit Amaemon but do no damage. You hit the scorpion.
The scorpion stings you but does no damage. x2
The orange demon stings you but does no damage.
You block Amaemon's attack. Amaemon claws you but does no damage.
Amaemon tail-slaps you but does no damage.
You barely miss Amaemon.
Amaemon is moderately wounded.
You hit the scorpion but do no damage. You barely miss the scorpion.
The scorpion barely misses you. You furiously retaliate!
You headbutt the scorpion!
You kill the scorpion!
The scorpion's corpse disappears in a puff of smoke!
The scorpion stings you but does no damage.
Amaemon hits you with a +1 demon whip of venom.
You are poisoned.
You block Amaemon's attack. x2; The orange demon stings you from afar.
You are more poisoned.
You have difficulty breathing.
You feel yourself slow down.
You can feel time thicken for a moment.
You kill the scorpion!
The scorpion's corpse disappears in a puff of smoke!
You kill the scorpion!
The scorpion's corpse disappears in a puff of smoke!
Cheibriados lowers the support of your attributes as your movement quickens.
You feel extremely sick. The orange demon barely misses you.
Amaemon hits you but does no damage. You block Amaemon's attack.
Amaemon tail-slaps you but does no damage.
You don't have enough magic at the moment.
You slash Amaemon!
Amaemon is almost dead.
You feel very sick. The orange demon barely misses you.
Amaemon gestures wildly while chanting.
The orange demon stings you but does no damage.
Amaemon casts a spell at something.
You hit Amaemon.
Amaemon is almost dead.
You feel very sick.
The orange demon no longer looks unusually toxic.
The orange demon stings you but does no damage.
You block Amaemon's attack. Amaemon claws you but does no damage.
You block Amaemon's attack.
You hit Amaemon but do no damage.
Amaemon is almost dead.
You feel very sick. The orange demon stings you from afar!
Amaemon's eyes glow red.
Amaemon hits you with a +1 demon whip of venom!
You are more poisoned.
Amaemon claws you.
Amaemon tail-slaps you but does no damage.
You block the orange demon's attack. Amaemon hits you but does no damage.
You are more poisoned.
Amaemon closely misses you. You block Amaemon's attack.
You hit Amaemon.
Amaemon is almost dead.
You feel extremely sick. The orange demon stings you from afar.
* * * LOW HITPOINT WARNING * * *
Amaemon hits you with a +1 demon whip of venom.
* * * LOW HITPOINT WARNING * * *
You are more poisoned.
You block Amaemon's attack. x2; You block the scorpion's attack.
You slice Amaemon!!
You kill Amaemon!
Cheibriados appreciates the change of pace.
The scorpion disappears in a puff of smoke!
* * * LOW HITPOINT WARNING * * *
You feel extremely sick. The orange demon stings you from afar!
You die...

#.......## ## #........##.##
#..##............#
......)††......##
#......[...))†..###
#..........†.####.###
...........)4....##.### #
..).........)#...#....######.
............@#.#........##...
.............§...............
..$..........................
##...................##....
## #.................#####...
... #....##..........# #...
....#...###.##.....#.# ##..
§...##......###....### #..
K..K+....#.##.....# #..


You could see an orange demon.

Vanquished Creatures
  A two-headed ogre (D:9)
  Amaemon (D:9)
  A troll (D:9)
  2 hornets
  Sigmund (D:4)
  Grum (D:9)
  4 yaks (D:9)
  2 steam dragons
  Menkaure (D:7)
  An acid dragon (D:7)
  2 water moccasins
  An orc warrior (D:8)
  2 ice beasts
  3 wolves (D:9)
  3 ogres
  4 centaurs
  A phantom (D:5)
  A lemure (D:7)
  A kobold brigand (D:8)
  4 necrophages
  2 bullfrogs
  2 gnoll sergeants
  4 scorpions
  A wight (D:7)
  3 howler monkeys
  3 hounds
  Crazy Yiuf (D:5)
  6 orc priests
  A jelly (D:5)
  3 gnoll boudas
  Jessica (D:2)
  Natasha (twice) (D:3)
  4 iguanas
  Ijyb (D:3)
  10 adders
  27 gnolls
  A shadow imp (D:7)
  A white imp (D:7)
  An ufetubus (D:5)
  A worm (D:3)
  3 dart slugs
  13 orcs
  5 bats
  8 endoplasms
  5 giant cockroaches
  7 hobgoblins
  8 jackals
  4 quokkas
  9 ball pythons
  5 frilled lizards
  7 goblins
  10 kobolds
  9 rats
205 creatures vanquished.

Vanquished Creatures (others)
  A sky beast (D:7)
  A wolf (D:9)
  33 plants
35 creatures vanquished.

Grand Total: 240 creatures vanquished

Notes
Turn   | Place    | Note
-------+----------+-------------------------------------------
     0 | D:1      | Flugkiller the Minotaur Fighter began the quest for the
                  | Orb.
     0 | D:1      | Reached XP level 1. HP: 19/19 MP: 0/0
   139 | D:1      | Reached skill level 3 in Axes
   139 | D:1      | Reached XP level 2. HP: 27/27 MP: 1/1
   352 | D:1      | Reached XP level 3. HP: 33/33 MP: 2/2
   845 | D:2      | Reached skill level 4 in Axes
   848 | D:2      | Reached XP level 4. HP: 38/41 MP: 3/3
   854 | D:2      | Noticed Jessica
   863 | D:2      | Killed Jessica
  1047 | D:3      | Found a faded altar of an unknown god.
  1086 | D:3      | Noticed Natasha
  1096 | D:3      | Killed Natasha
  1097 | D:3      | Reached XP level 5. HP: 43/47 MP: 4/4
  1108 | D:3      | Reached skill level 5 in Axes
  1112 | D:3      | Found a hazy altar of Hepliaklqana.
  1138 | D:3      | Found a snail-covered altar of Cheibriados.
  1172 | D:3      | Became a worshipper of Cheibriados the Contemplative
  1283 | D:3      | Noticed Ijyb
  1291 | D:3      | Killed Ijyb
  1384 | D:3      | Noticed Natasha
  1393 | D:3      | Killed Natasha
  1434 | D:3      | Reached skill level 5 in Fighting
  1443 | D:3      | Reached skill level 5 in Armour
  1693 | D:4      | Noticed an ogre
  1697 | D:4      | Noticed Sigmund
  1698 | D:4      | Killed an ogre
  1699 | D:4      | Reached skill level 1 in Invocations
  1699 | D:4      | Reached XP level 6. HP: 56/56 MP: 5/5
  1701 | D:4      | Reached * piety under Cheibriados
  1706 | D:4      | Reached skill level 6 in Axes
  1714 | D:4      | Killed Sigmund
  1715 | D:4      | Reached XP level 7. HP: 57/61 MP: 7/7
  1715 | D:4      | Found a glowing golden altar of the Shining One.
  1797 | D:4      | Found a broken altar of Ashenzari.
  2287 | D:5      | Entered Level 5 of the Dungeon
  2298 | D:5      | Reached skill level 7 in Axes
  2475 | D:5      | Reached ** piety under Cheibriados
  2476 | D:5      | Reached XP level 8. HP: 58/71 MP: 9/9
  2487 | D:5      | Reached skill level 8 in Axes
  2608 | D:5      | Found a staircase to the Ecumenical Temple.
  2897 | D:5      | Found a runed translucent door.
  2898 | D:5      | Noticed Crazy Yiuf
  2903 | D:5      | Killed Crazy Yiuf
  3111 | D:6      | Found Sueq's Antique Armour Emporium.
  3310 | D:6      | HP: 3/73 [orc priest/divine providence (12)]
  3314 | D:6      | Reached skill level 9 in Axes
  3345 | D:6      | Reached skill level 1 in Evocations
  3549 | D:7      | Noticed Menkaure
  3552 | D:7      | Killed Menkaure
  3553 | D:7      | Reached XP level 9. HP: 79/79 MP: 11/11
  3597 | D:7      | Reached *** piety under Cheibriados
  3690 | D:7      | Reached skill level 5 in Evocations
  3758 | D:7      | Noticed a white ugly thing
  3777 | D:7      | Paralysed by a hornet for 1 turns
  3779 | D:7      | Reached skill level 1 in Dodging
  4056 | D:8      | Reached **** piety under Cheibriados
  4063 | D:8      | Reached skill level 10 in Axes
  4731 | D:9      | Noticed a troll
  4735 | D:9      | Killed a troll
  4736 | D:9      | Reached XP level 10. HP: 82/88 MP: 12/12
  4782 | D:9      | Found a sacrificial altar of Ru.
  4906 | D:9      | Noticed a two-headed ogre
  4913 | D:9      | Killed a two-headed ogre
  4914 | D:9      | Reached skill level 5 in Invocations
  4953 | D:9      | Found a large runed translucent door.
  4953 | D:9      | Found a large runed translucent door.
  4954 | D:9      | Noticed a purple ugly thing
  4955 | D:9      | Found a shimmering altar of Xom.
  4983 | D:9      | Found an ornate altar of the Wu Jian Council.
  5058 | D:9      | Noticed Grum
  5060 | D:9      | Reached ***** piety under Cheibriados
  5063 | D:9      | Reached skill level 11 in Axes
  5075 | D:9      | Killed Grum
  5137 | D:9      | Noticed Amaemon
  5145 | D:9      | Noticed an orange demon
  5157 | D:9      | Killed Amaemon
  5157 | D:9      | Slain by an orange demon

Illustrated notes

Levels and vault maps discovered:
D:1:      erik_arrival_orb_chamber, layout_loops_ring, corexii_corridor_pit,
          minmay_misc_feat_chi, chequers_serial_rivers_room_b
D:2:      layout_rooms, uniq_jessica
D:3:      layout_basic, mainiacjoe_overflow_catch_the_wave,
          nicolae_ecumenical_pavilion, uniq_natasha, uniq_ijyb
D:4:      layout_rooms, mainiacjoe_overflow_cross_hatched,
          mainiacjoe_overflow_six_doors_small, uniq_sigmund
D:5:      layout_rooms, minmay_temple_entry_ruins, uniq_crazy_yiuf_cottage
D:6:      layout_rooms, serial_shops, nicolae_shop_trees
D:7:      minmay_the_grid_plus_closed [minmay_the_grid_minigrid_small_alt,
          minmay_the_grid_minigrid_small, minmay_the_grid_garden,
          minmay_the_grid_zigzag_pyramid, minmay_the_grid_prize_diamond_cup],
          layout_loops_ring, overflow_temple_1_default,
          lemuel_coloured_pillars_altar, minmay_chambers_of_fives,
          uniq_menkaure, uniq_maggie, uniq_pikel
D:8:      layout_gridville, hex_large, chequers_serial_rivers_micro_c
D:9:      due_chaos_kobolds, layout_layer_cave, nzn_wu_jian_council_hall,
          nicolae_ru_the_path_less_chosen, minmay_misc_feat_diagonals,
          uniq_grum, uniq_erica, uniq_amaemon

Skill      XL: |  1  2  3  4  5  6  7  8  9 10 |
---------------+-------------------------------+-----
Axes           | 3 4 5 6 7 9 10 11 | 11.1
Fighting       | 4 5 6 7 8 |  8.5
Armour         | 4 5 6 7 8 |  8.5
Invocations    | 1 2 3 4 5 |  5.6
Evocations     | 2 6 |  6.0
Dodging        | 2 3 |  3.7
Shields        | |  3.6

Action                   |  1- 3 |  4- 6 |  7- 9 | 10-12 || total
-------------------------+-------+-------+-------+-------++-------
Melee: War axe           |    79 |    86 |   241 |    53 ||   459
       Headbutt          |    10 |    17 |    50 |     9 ||    86
Invok: Slouch            |       |       |       |     2 ||     2
Evoke: Wand              |       |       |     4 |     1 ||     5
  Use: Scroll            |       |     1 |    11 |       ||    12
       Potion            |       |     1 |     2 |     1 ||     4
Armor: Scale mail        |    54 |    25 |       |       ||    79
       Plate armour      |       |    24 |   171 |    54 ||   249
       Skin              |       |       |    20 |       ||    20
Dodge: Dodged            |    40 |    42 |    77 |    45 ||   204
Block: Buckler           |    23 |    18 |    88 |    32 ||   161
